 Dungeon Crawl Stone Soup version 0.20.1-1-g8b1a95d (webtiles) character file.

201 froobite the Slasher (level 5, -1/70 HPs)
             Began as a Minotaur Berserker on Aug 11, 2017.
             Was a Priest of Trog.
             Succumbed to a kobold's poison
             ... on level 3 of the Dungeon.
             The game lasted 00:07:09 (2521 turns).

froobite the Slasher (Minotaur Berserker)           Turns: 2521, Time: 00:07:10

Health: -1/70      AC: 22    Str: 23    XL:     5   Next: 50%
Magic:  4/4        EV:  2    Int:  4    God:    Trog [***...]
Gold:   88         SH:  0    Dex:  9    Spells: 4/4 levels left

rFire    . . .     SeeInvis .   a - +0 falchion
rCold    . . .     Gourm    .   (no shield)
rNeg     + + +     Faith    .   (armour currently unavailable)
rPois    +         Spirit   .   (helmet currently unavailable)
rElec    .         Reflect  .   (cloak currently unavailable)
rCorr    .         Harm     .   (gloves currently unavailable)
MR       .....     NoTele   +   (boots currently unavailable)
Stlth    +.........             (no amulet)
Regen    0.3/turn               (no ring)
MPRegen  0.1/turn               (no ring)

@: lethally poisoned (-1 -> -16), tree-form
A: (retaliatory headbutt)
a: Berserk, Trog's Hand, Burn Spellbooks, Renounce Religion


You were on level 3 of the Dungeon.
You worshipped Trog.
Trog was most pleased with you.
You were not hungry.
You were a tree.
You visited 1 branch of the dungeon, and saw 3 of its levels.

You collected 88 gold pieces.

Inventory:

Hand Weapons
 a - a +0 falchion (weapon)
Armour
 b - a +0 animal skin
 d - a +1 ring mail (melded)
Scrolls
 e - a scroll of fog {unknown}
 m - a scroll of identify
Potions
 n - a potion of haste {unknown}
 o - 2 potions of flight {unknown}
Comestibles
 c - 3 bread rations
 i - 2 meat rations
 q - a royal jelly


   Skills:
 + Level 4.8 Fighting
 + Level 5.4 Long Blades
 + Level 4.2 Armour
 + Level 2.9 Dodging
 + Level 0.1 Stealth


You had 4 spell levels left.
You didn't know any spells.

Dungeon Overview and Level Annotations

Branches:
Dungeon (3/15)

Altars:
Dithmenos
Trog


Innate Abilities, Weirdness & Mutations

((You reflexively headbutt those who attack you in melee.))
((You have a pair of horns on your head.))


Message History

You feel sick.
* * * LOW HITPOINT WARNING * * *
You feel very sick.
Things that are here:
a blowgun; an uncursed club
* * * LOW HITPOINT WARNING * * *
You feel sick.
* * * LOW HITPOINT WARNING * * *
You feel sick.
You see here a poisoned needle.
* * * LOW HITPOINT WARNING * * *
You feel sick.
You see here a poisoned needle.
* * * LOW HITPOINT WARNING * * *
You feel sick.
* * * LOW HITPOINT WARNING * * *
You feel sick.
It was a potion of lignification.
You turn into a tree.
Your +1 ring mail melds into your body.
Your roots penetrate the ground.
You die...

### ...# ... #.# ### ...# ....
#.# #.. ...# .... #.# #.# ###
...# .....#.# #.#... .# #..###
...#.###.#.# ..# .....+ ....
.... ... #..### #.###.###.#.#
.....# #...♣.....#.# .÷...#
#<###(#####.# .<...#
.#(g).().....#
#..............>..(.....#######
#...........#.............(...#
#...........#..!.......######.#
#.......... #..........# #...#
#.......... #.########## #.###
#......... #.# #.#


There were no monsters in sight!

Vanquished Creatures
  An orc wizard (D:3)
  Robin (D:3)
  7 adders
  A worm (D:3)
  3 dart slugs
  6 orcs (D:3)
  A giant cockroach (D:3)
  17 goblins
  8 hobgoblins
  10 jackals (D:2)
  A ball python (D:3)
  10 bats
  3 frilled lizards
  9 kobolds
  8 rats
86 creatures vanquished.

Notes
Turn   | Place    | Note
-------+----------+-------------------------------------------
     0 | D:1      | froobite the Minotaur Berserker began the quest for the Orb.
     0 | D:1      | Reached XP level 1. HP: 19/19 MP: 0/0
   201 | D:1      | Reached XP level 2. HP: 25/27 MP: 1/1
   779 | D:2      | Reached skill level 4 in Long Blades
   782 | D:2      | Reached ** piety under Trog
   961 | D:2      | Reached XP level 3. HP: 33/33 MP: 2/2
  1081 | D:2      | Found a shadowy altar of Dithmenos.
  1227 | D:2      | Reached XP level 4. HP: 10/41 MP: 3/3
  1819 | D:3      | Noticed Robin
  1831 | D:3      | Reached *** piety under Trog
  1832 | D:3      | Reached skill level 5 in Long Blades
  1841 | D:3      | Killed Robin
  1861 | D:3      | Found a bloodstained altar of Trog.
  1983 | D:3      | Reached XP level 5. HP: 20/47 MP: 4/4
  2519 | D:3      | HP: 2/47 [poisoned by a kobold]
  2521 | D:3      | Succumbed to a kobold's poison

Skill      XL: |  1  2  3  4  5 |
---------------+----------------+-----
Fighting       | 4 |  4.8
Long Blades    | 4 5 |  5.4
Armour         | 3 4 |  4.2
Dodging        | |  2.9
Stealth        | |  0.1

Action                   |  1- 3 |  4- 6 || total
-------------------------+-------+-------++-------
Melee: Falchion          |    65 |   106 ||   171
       Headbutt          |    11 |    14 ||    25
Invok: Berserk           |       |     1 ||     1
  Use: Scroll            |       |     7 ||     7
       Potion            |       |     2 ||     2
  Eat: Chunk             |       |     4 ||     4
       Bread ration      |       |     1 ||     1
Armor: Ring mail         |    38 |    41 ||    79
Dodge: Dodged            |    68 |    87 ||   155
       Rpst.: Falchion   |    26 |    21 ||    47
